 Dungeon Crawl Stone Soup version 0.19.1 (webtiles) character file.

113 Alarkh the Charmwright (level 4, 0/29 HPs)
             Began as a High Elf Skald on Nov 27, 2016.
             Slain by a scorpion (5 damage)
             ... on level 4 of the Dungeon.
             The game lasted 00:03:47 (1781 turns).

Alarkh the Charmwright (High Elf Skald)             Turns: 1781, Time: 00:03:48

Health: 0/29       AC:  3    Str: 11    XL:     4   Next: 65%
Magic:  1/10       EV: 16    Int: 16    God:
Gold:   74         SH:  3    Dex: 20    Spells: 4 memorised, 1 level left

rFire  . . .     SeeInvis .     a - +0 falchion
rCold  . . .     Gourm    .     b - +0 leather armour
rNeg   . . .     Faith    .     (no shield)
rPois  .         Spirit   .     (no helmet)
rElec  .         Reflect  +     (no cloak)
rCorr  .         Harm     .     (no gloves)
MR     .....                    (no boots)
Stlth  +++.......               i - +3 amulet of reflection
                                (no ring)
                                (no ring)

@: agile, lethally poisoned (0 -> -9), infused (expiring), hasted, very quick
A: no striking features
a: no special abilities


You were on level 4 of the Dungeon.
You were not hungry.

You visited 1 branch of the dungeon, and saw 4 of its levels.

You collected 74 gold pieces.

Inventory:

Hand Weapons
 a - a +0 falchion (weapon)
Armour
 b - a +0 leather armour (worn)
Jewellery
 i - a +3 amulet of reflection (around neck)
 l - an uncursed ring of wizardry {unknown}
Scrolls
 f - 3 scrolls of identify {unknown}
 h - a scroll of teleportation {unknown}
 j - a scroll of blinking
 k - a scroll of fog {unknown}
 m - a scroll of enchant armour {unknown}
 n - a scroll of immolation {unknown}
 q - a scroll of magic mapping {unknown}
 r - a scroll of noise {unknown}
 s - a scroll of random uselessness {unknown}
Potions
 e - 2 potions of brilliance
Books
 c - a book of Battle

   Spells                             Type                      Level
   a - Infusion                       Charms                       1
   b - Shroud of Golubria             Charms/Translocation         2
   c - Song of Slaying                Charms                       2
   d - Spectral Weapon                Hexes/Charms                 3
   e - Regeneration                   Charms/Necromancy            3
Comestibles
 d - 2 bread rations
 g - 13 chunks of flesh
 p - a royal jelly


   Skills:
 - Level 2.0 Fighting
 * Level 4.4 Long Blades
 - Level 0.8 Armour
 - Level 1.1 Dodging
 + Level 3.5 Spellcasting
 + Level 4.5 Charms


You had one spell level left.
You knew the following spells:

 Your Spells              Type           Power        Failure   Level  Hunger
a - Infusion              Chrm           ###.         4%          1    None
c - Spectral Weapon       Hex/Chrm       ##......     30%         3    ###....
e - Regeneration          Chrm/Necr      ##........   30%         3    ###....
r - Shroud of Golubria    Chrm/Tloc      ##........   14%         2    ##.....


Dungeon Overview and Level Annotations

Branches:
Dungeon (4/15)
 Temple: D:4-7

Altars:
Ashenzari
Kikubaaqudgha
Xom
Zin


Message History

The scorpion stings you!
You are too injured to fight recklessly!
You are too injured to fight recklessly!
You are too injured to fight recklessly!
You hit the scorpion.
The scorpion is moderately wounded.
The scorpion stings you.
You are lethally poisoned!
The scorpion poisons you!
You hit the scorpion.
The scorpion is heavily wounded.
* * * LOW HITPOINT WARNING * * *
You feel sick. The scorpion stings you.
* * * LOW HITPOINT WARNING * * *
It was a potion of agility.
You feel agile all of a sudden.
Your magical infusion is running out.
* * * LOW HITPOINT WARNING * * *
You feel sick. The scorpion misses you.
It was a potion of haste.
You feel yourself speed up. The scorpion stings you.
You die...

.........#
#....<.#
#......#
######......#
##...........##
..............#
#.............#
#..........##.#
#.....s@...# .#
#.....?....# ..
##........##
#.# #........#
.# #..........
#...[......#
#...........
#...........#


You could see a scorpion.

Vanquished Creatures
  4 adders
  An adder skeleton (D:4)
  A dart slug (D:4)
  2 leopard geckos (D:1)
  4 orcs (D:3)
  2 giant cockroaches (D:2)
  9 goblins
  12 hobgoblins
  6 jackals
  A quokka (D:4)
  4 bats
  6 frilled lizards
  6 kobolds
  4 rats
62 creatures vanquished.

Notes
Turn   | Place    | Note
-------+----------+-------------------------------------------
     0 | D:1      | Alarkh the High Elf Skald began the quest for the Orb.
     0 | D:1      | Reached XP level 1. HP: 14/14 MP: 4/4
   347 | D:1      | Found a shattered altar of Ashenzari.
   372 | D:1      | Reached XP level 2. HP: 13/19 MP: 2/6
   631 | D:1      | Reached XP level 3. HP: 18/24 MP: 3/8
   640 | D:1      | Learned a level 2 spell: Shroud of Golubria
   644 | D:1      | Learned a level 3 spell: Regeneration
  1155 | D:2      | Reached XP level 4. HP: 22/29 MP: 4/9
  1261 | D:2      | Found a glowing silver altar of Zin.
  1265 | D:2      | Noticed an angel
  1267 | D:2      | Found a shimmering altar of Xom.
  1464 | D:2      | Learned a level 3 spell: Spectral Weapon
  1559 | D:3      | Found an ancient bone altar of Kikubaaqudgha.
  1559 | D:3      | Noticed a human
  1781 | D:4      | Slain by a scorpion

Skill      XL: |  1  2  3  4 |
---------------+-------------+-----
Spellcasting   | 3 |  3.5
Long Blades    | 3 4 |  4.4
Charms         | 4 |  4.5
Fighting       | |  2.0
Armour         | |  0.8
Dodging        | |  1.1

Action                   |  1- 3 |  4- 6 || total
-------------------------+-------+-------++-------
Melee: Falchion          |   105 |    63 ||   168
 Cast: Infusion          |    20 |     9 ||    29
       Regeneration      |     1 |     3 ||     4
       Shroud of Golubri |     1 |       ||     1
  Use: Potion            |     2 |     2 ||     4
       Scroll            |       |     1 ||     1
  Eat: Chunk             |     1 |     3 ||     4
Armor: Leather armour    |    32 |    23 ||    55
Dodge: Dodged            |    74 |    49 ||   123
Block: Other             |    16 |     8 ||    24
       Rpst.: Falchion   |    30 |    17 ||    47
